 Dungeon Crawl Stone Soup version 0.30-a0-1082-g70414cbcbb (webtiles) character file.

Game seed: 119643314072519439

39 fortdeath9 the Grasshopper (level 3, -2/31 HPs)
             Began as an Armataur Warper on Apr 16, 2023.
             Slain by an orc priest
             ... wielding a +0 falchion
              (7 damage)
             ... on level 3 of the Dungeon.
             The game lasted 00:13:08 (1543 turns).

fortdeath9 the Grasshopper (Armataur Warper)        Turns: 1543, Time: 00:13:09

Health: -2/31      AC:  4    Str: 16    XL:     3   Next: 28%
Magic:  6/6        EV:  9    Int: 13    God:
Gold:   129        SH:  0    Dex: 11    Spells: 4/6 levels left

rFire   . . .      SeeInvis .      - Unarmed
rCold   . . .      Faith    .    (no shield)
rNeg    . . .      Spirit   .    a - +0 leather armour
rPois   .          Reflect  .    (no helmet)
rElec   .          Roll     +    (no cloak)
rCorr   .                        (no gloves)
Will    .....                    (no barding)
Stlth   +                        (no amulet)
HPRegen 0.25/turn                (no ring)
MPRegen 0.10/turn                (no ring)

@: no status effects
A: large, rugged brown scales 3, deformed body, armoured tail, roll, long
tongue, awkward tongue
a: no special abilities


You were on level 3 of the Dungeon.
You visited 1 branch of the dungeon, and saw 3 of its levels.

You collected 129 gold pieces.

Inventory:

Armour
 a - a +0 leather armour (worn)
Scrolls
 b - 4 scrolls of blinking
 d - a scroll of silence
 e - a scroll of identify
 g - a scroll of brand weapon
 h - a scroll of enchant weapon
Potions
 f - a potion of attraction
 i - a potion of cancellation


   Skills:
 + Level 2.1 Fighting
 + Level 0.8 Throwing
 + Level 1.8 Armour
 + Level 1.8 Dodging
 + Level 0.2 Stealth
 + Level 2.0 Unarmed Combat
 + Level 2.0 Spellcasting
 + Level 3.3 Translocations


You had 4 spell levels left.
You knew the following spells:

 Your Spells              Type           Power      Damage    Failure   Level
a - Blink                 Tloc           18%        N/A       12%         2

Your spell library contained the following spells:

 Spells                   Type           Power      Damage    Failure   Level
 Lesser Beckoning         Tloc           18%        N/A       12%         2
 Teleport Other           Tloc           9%         N/A       24%         3
 Kiss of Death            Conj/Necr      4%         2d5       30%         1
 Vhi's Electric Charge    Tloc/Air       10%        N/A       43%         3
 Manifold Assault         Tloc           9%         N/A       63%         4
 Confusing Touch          Hex            1%         N/A       67%         3
 Dispel Undead            Necr           1%         3d6       97%         4


Dungeon Overview and Level Annotations

Branches:
Dungeon (3/15)

Altars:


Innate Abilities, Weirdness & Mutations

You are completely covered in rugged brown scales. (AC +3, +7% HP)
Armour fits poorly on your strangely shaped body.
You have a long armoured tail.
You roll when moving toward enemies. (Rampage)
Your long tongue fully drains potion bottles. (2x potion effects)
Your tongue gives you trouble enunciating. (1.5x scroll delay)


Message History

The orc attacks as you move away! The orc barely misses you.
The orc priest invokes the aid of Beogh against you.
You barely resist.
Blink to where?
Press: ? - help, Dir - move target As you slowly read the scroll of blinking, it crumbles to dust.
You feel better.
You slurp down every last drop of the potion of curing!
You closely miss the orc.
The orc is heavily wounded.
The orc hits you with a +0 whip.
You hit the orc but do no damage. Your punch misses the orc.
The orc is heavily wounded.
You hit the orc.
The orc is almost dead.
The orc closely misses you.
You closely miss the orc. You tail-slap the orc.
You kill the orc!
Your Unarmed Combat skill increases to level 2!
You hit the orc priest.
The orc priest is lightly wounded.
The orc priest hits you with a +0 falchion.
You barely miss the orc priest.
The orc priest is lightly wounded.
The orc priest hits you with a +0 falchion.
You barely miss the orc priest.
The orc priest is lightly wounded.
The orc priest invokes the aid of Beogh against you.
You barely resist. You hit the orc priest.
The orc priest is heavily wounded.
The orc priest hits you with a +0 falchion.
* * * LOW HITPOINT WARNING * * *
You hit the orc priest.
The orc priest is almost dead.
The orc priest looks braver for a moment.
You hit the orc priest.
The orc priest is almost dead.
The orc priest hits you with a +0 falchion!
You die...

.............#..#..........
...............#...########
..............#..#.#
.....<.............#############
.......)......###..##...........
.....#...[.....###o###...#...#).
########.......###o......Koo....
#.......#.oK###.o.#...#..
##.......@####...........
#.......### ############
#.......# #.......# ##.....##
##>..# ####


You could see 2 orc priests, an orc and a kobold.

Vanquished Creatures
  A worm (D:3)
  2 orcs (D:3)
  3 ball pythons
  3 bats
  5 endoplasms
  2 giant cockroaches (D:3)
  A goblin (D:2)
  5 hobgoblins
  2 kobolds
  3 quokkas (D:2)
  2 frilled lizards
  A rat (D:1)
30 creatures vanquished.

Notes
Turn   | Place    | Note
-------+----------+-------------------------------------------
     0 | D:1      | fortdeath9 the Armataur Warper began the quest for the Orb.
     0 | D:1      | Reached XP level 1. HP: 18/18 MP: 3/3
   193 | D:1      | Reached XP level 2. HP: 25/25 MP: 5/5
   347 | D:1      | Learned a level 2 spell: Blink
  1358 | D:3      | Reached XP level 3. HP: 17/31 MP: 6/6
  1528 | D:3      | HP: 1/31 [orc/+0 whip (4)]
  1543 | D:3      | Slain by an orc priest

Illustrated notes

Levels and vault maps discovered:
D:1:      dpeg_arrival_rooms_a, layout_loops_ring
D:2:      layout_loops_ring, nicolae_concentric_dashed_squares_wild
D:3:      layout_rooms, grunt_temple_overflow_open, bloody_makhleb,
          lemuel_coloured_pillars_altar, minmay_misc_feat_diagonals,
          minmay_between

Skill      XL: |  1  2  3 |
---------------+----------+-----
Spellcasting   | 2 |  2.0
Fighting       | 2 |  2.1
Unarmed Combat | 2 |  2.0
Throwing       | |  0.8
Armour         | |  1.8
Dodging        | |  1.8
Stealth        | |  0.2
Translocations | |  3.3

Action                     || total
---------------------------++-------
  Melee: Unarmed           ||   120
         Tailslap          ||    18
  Throw: Boomerang         ||     7
    Use: Potion            ||     2
         Scroll            ||     8
 Armour: Leather armour    ||    54
  Dodge: Dodged            ||    66

Table legend: (Time is in decaauts)
 A = Elapsed time spent in this place.
 B = Non-inter-level travel time spent in this place.
 C = Inter-level travel time spent in this place.
 D = Time resting spent in this place.
 E = Time spent auto-exploring this place.
 F = Levels seen in this place.
 G = Mean time per level.
                   A        B        C        D        E       F      G
               +--------+--------+--------+--------+--------+-----+--------+
         Total |   1543 |   1516 |     27 |      0 |    972 |   3 |  514.3 |
       Dungeon |   1543 |   1516 |     27 |      0 |    972 |   3 |  514.3 |
               +--------+--------+--------+--------+--------+-----+--------+

Top non-repeatable levels by time:
     D:1: 695 daAuts
     D:2: 645 daAuts
     D:3: 203 daAuts
